 Dungeon Crawl Stone Soup version 0.31-a0-232-gb1c03b2570 (webtiles) character file.

Game seed: 2082428165898749297

553 qw the Shooter (level 7, -1/59 HPs)
             Began as a Minotaur Hexslinger on July 7, 2023.
             Slain by a kobold
             ... wielding a +0 short sword
              (4 damage)
             ... on level 5 of the Dungeon.
             The game lasted 00:01:33 (4006 turns).

qw the Shooter (Minotaur Hexslinger)                Turns: 4006, Time: 00:01:34

Health: -1/59      AC:  8    Str: 10    XL:     7   Next: 8%
Magic:  7/7        EV: 11    Int:  9    God:
Gold:   252        SH:  0    Dex: 18    Spells: 7/8 levels left

rFire   . . .        Y - +2 sling
rCold   . . .        (no shield)
rNeg    . . .        d - +0 ring mail
rPois   .            (helmet restricted)
rElec   .            (no cloak)
rCorr   .            i - +1 pair of gloves
SInv    +            f - +0 pair of boots
Will    .....        (no amulet)
Stlth   +            (no ring)
HPRegen 0.29/turn    (no ring)
MPRegen 0.10/turn

%: no passive effects
@: no status effects
A: horns 2, retaliatory headbutt, see invisible, agile 1, sense surroundings 1,
weak 1, wild magic 1, inability to drink after injury 1
a: no special abilities


You were on level 5 of the Dungeon.
You visited 1 branch of the dungeon, and saw 5 of its levels.
You also visited: Sewer.

You collected 252 gold pieces.


Innate Abilities, Weirdness & Mutations

You have a pair of horns on your head.
You reflexively headbutt those who attack you in melee.
You have supernaturally acute eyesight. (SInv)
You are agile. (Dex +4, Str/Int -1)
You passively map a small area around you.
You are weak. (Str -2)
Your spells are a little harder to cast, but a little more powerful.
You occasionally lose the ability to drink potions when taking damage.


   Skills:
 - Level 4.0 Fighting
 + Level 7.3 Ranged Weapons
 - Level 2.4 Armour
 - Level 2.1 Dodging
 - Level 1.0 Spellcasting
 - Level 2.0 Hexes


You had 7 spell levels left.
You knew the following spells:

 Your Spells              Type           Power      Damage    Failure   Level
a - Slow                  Hex            20%        N/A       45%         1

Your spell library contained the following spells:

 Spells                   Type           Power      Damage    Failure   Level
 Inner Flame              Hex/Fire       2%         N/A       91%         3
 Portal Projectile        Hex/Tloc       4%         N/A       91%         3
 Cause Fear               Hex            2%         N/A       99%         4

Inventory:

Hand Weapons
 Y - a +2 sling (weapon)
Armour
 d - a +0 ring mail (worn)
 f - a +0 pair of boots (worn)
 i - a +1 pair of gloves (worn)
Scrolls
 b - a scroll of identify
 g - a scroll of immolation {unknown}
Potions
 c - a potion of resistance
 e - a potion of haste
 h - a potion of might
 j - a potion of attraction {unknown}
 k - a potion of curing {unknown}

Dungeon Overview and Level Annotations

Branches:
Dungeon (5/15)              Sewer (visited)
 Temple: D:4-7

Altars:
The Shining One

Annotations:
D:3 2 transporters


Message History

The orc warrior hits you with a +0 mace.
4001 ||| READING scroll of teleportation.
As you read the scroll of teleportation, it crumbles to dust.
You feel strangely unstable.
The orc warrior hits you with a +0 mace!
You shoot a sling bullet.
The sling bullet hits the orc warrior but does no damage.
The orc warrior is heavily wounded.
You can drink potions again.
The orc warrior closely misses you. You furiously retaliate!
You headbutt the orc warrior! You shoot a sling bullet.
The sling bullet completely misses the orc warrior.
Your surroundings suddenly seem different.
A kobold brigand and 11 kobolds come into view.
The kobold brigand is wielding a +0 dagger and quivering curare-tipped darts.
Found a dagger, four human corpses, a war axe and 14 gold pieces.
The kobold brigand shouts!
The kobold shouts! x10; You hear a shout! x6
A kobold comes into view. It is wielding a +0 dagger.
Enter note: You shoot a sling bullet.
The sling bullet barely misses the kobold.
The sling bullet hits the plant.
The plant begins to die.
The plant is lightly damaged.
The kobold misses you. The kobold hits you but does no damage.
You shoot a sling bullet.
The sling bullet hits the kobold but does no damage.
The kobold hits you but does no damage.
A kobold comes into view. It is wielding a +0 whip.
A kobold comes into view. It is wielding a +0 short sword.
The kobold hits you but does no damage.
You shoot a sling bullet. The kobold shouts!
The sling bullet hits the kobold.
You kill the kobold!
You hear a shout!
The kobold hits you with a +0 short sword.
The kobold hits you but does no damage.
The kobold hits you with a +0 short sword.
You die... ## P 7.7 * PPP PP

* ## ,
77.P7*P777.P#
...)P.7..PPP#
,, .K...KK@KP7
, * ,
..%..KKK.77 ,*
, , ¤¤..%KKK..P
,,
¤¤..K.K...P.. ,
%....K)...7P7#*
* , * ,
,.%..$....P7##
, ,,
...K..PP7P# #*
,, ....77P..P#
* #,*


You could see a kobold brigand and 13 kobolds.

Vanquished Creatures
  2 bullfrogs (Sewer)
  A scorpion (D:4)
  A hound (D:4)
  3 jellies
  2 iguanas (D:5)
  Terence (D:3)
  7 adders
  A river rat (D:2)
  2 worms
  A dart slug (D:1)
  An orc (D:2)
  12 ball pythons
  6 bats
  15 endoplasms
  11 giant cockroaches
  3 goblins
  8 hobgoblins
  3 jackals (D:4)
  5 quokkas (Sewer)
  7 frilled lizards
  7 kobolds
  2 rats (D:2)
101 creatures vanquished.

Notes
Turn   | Place    | Note
-------+----------+-------------------------------------------
     0 | D:1      | qw the Minotaur Hexslinger began the quest for the Orb.
     0 | D:1      | Reached XP level 1. HP: 16/16 MP: 1/1
     0 | D:1      | 0 ||| qw: Version: 0.3-a-46-gb1f654a
     0 | D:1      | 0 ||| qw: Game counter: 2865
     0 | D:1      | 0 ||| qw: Melee chars always use a shield: true
     0 | D:1      | 0 ||| qw: God list: Okawaru
     0 | D:1      | 0 ||| qw: Allow faded altars: false
     0 | D:1      | 0 ||| qw: Do Orc after clearing Dungeon:15 true
     0 | D:1      | 0 ||| qw: Do second Lair branch before Depths: true
     0 | D:1      | 0 ||| qw: Lair rune preference: random
     0 | D:1      | 0 ||| qw: Goals: Normal
     0 | D:1      | 0 ||| PLANNING D:1-11
    31 | D:1      | 31 ||| FLEEEEING.
    32 | D:1      | 32 ||| FLEEEEING.
    33 | D:1      | 33 ||| FLEEEEING.
   144 | D:1      | Reached skill level 3 in Ranged Weapons
   144 | D:1      | Reached XP level 2. HP: 23/23 MP: 2/2
   276 | D:1      | Found a faded altar of an unknown god.
   533 | D:1      | 533 ||| UPGRADING to +0 pair of gloves.
   538 | D:1      | 538 ||| READING scroll labelled ECISUE FIARGH.
   539 | D:1      | 539 ||| READING scroll labelled YTAHANL TETUTZ.
   540 | D:1      | 540 ||| READING scroll labelled CAD QOALEPAA.
   541 | D:1      | 541 ||| READING scroll labelled CUYNAH OGEMPUZIGH.
   542 | D:1      | 542 ||| DROPPING scroll of poison.
   816 | D:2      | Reached XP level 3. HP: 29/29 MP: 3/3
   865 | D:2      | Found a glowing golden altar of the Shining One.
   924 | D:2      | Reached skill level 4 in Ranged Weapons
  1503 | D:2      | 1503 ||| UPGRADING to +0 pair of boots.
  1508 | D:2      | 1508 ||| READING scroll labelled JOCZOU ZIDOI.
  1509 | D:2      | 1509 ||| READING 2 scrolls of identify.
  1509 | D:2      | 1509 ||| IDENTIFYING yellow potion
  1510 | D:2      | 1510 ||| DROPPING potion of lignification.
  1527 | D:3      | Found a glowing drain.
  1528 | D:3      | 1528 ||| PLANNING SEWER
  1528 | D:3      | 1528 ||| STAIRDANCE
  1532 | D:3      | 1532 ||| STAIRDANCE
  1536 | D:3      | 1536 ||| STAIRDANCE
  1540 | D:3      | 1540 ||| STAIRDANCE
  1544 | D:3      | 1544 ||| STAIRDANCE
  1558 | D:2      | Reached XP level 4. HP: 35/36 MP: 4/4
  1571 | Sewer    | Entered a sewer
  1608 | Sewer    | 1608 ||| Stepping ~*~*~tactically~*~*~ (water).
  1610 | Sewer    | 1610 ||| Stepping ~*~*~tactically~*~*~ (water).
  1616 | Sewer    | 1616 ||| Stepping ~*~*~tactically~*~*~ (water).
  1629 | Sewer    | 1629 ||| Stepping ~*~*~tactically~*~*~ (water).
  1631 | Sewer    | 1631 ||| Stepping ~*~*~tactically~*~*~ (water).
  1635 | Sewer    | 1635 ||| Stepping ~*~*~tactically~*~*~ (water).
  1649 | Sewer    | 1649 ||| Stepping ~*~*~tactically~*~*~ (water).
  1692 | Sewer    | 1692 ||| Stepping ~*~*~tactically~*~*~ (water).
  1705 | Sewer    | 1705 ||| Stepping ~*~*~tactically~*~*~ (water).
  1712 | Sewer    | Reached skill level 5 in Ranged Weapons
  1782 | Sewer    | 1782 ||| Stepping ~*~*~tactically~*~*~ (water).
  1784 | Sewer    | 1784 ||| Stepping ~*~*~tactically~*~*~ (water).
  1800 | Sewer    | 1800 ||| Stepping ~*~*~tactically~*~*~ (water).
  1809 | Sewer    | 1809 ||| Stepping ~*~*~tactically~*~*~ (water).
  1821 | Sewer    | Noticed a bullfrog
  1828 | Sewer    | Killed a bullfrog
  1829 | Sewer    | Reached skill level 3 in Fighting
  1829 | Sewer    | Reached XP level 5. HP: 35/46 MP: 5/5
  1848 | Sewer    | HP: 9/46 [bullfrog (3)]
  2001 | Sewer    | 2001 ||| UPGRADING to +0 ring mail.
  2011 | Sewer    | 2011 ||| DROPPING +0 robe.
  2026 | D:3      | 2026 ||| PLANNING D:1-11
  2097 | D:3      | Noticed Terence
  2101 | D:3      | Killed Terence
  2102 | D:3      | Reached skill level 1 in Armour
  2134 | D:3      | Reached XP level 6. HP: 52/52 MP: 6/6
  2197 | D:3      | Noticed a small abomination
  2197 | D:3      | Noticed a small abomination
  2283 | D:3      | Reached skill level 6 in Ranged Weapons
  2539 | D:3      | Found a transporter.
  2546 | D:3      | Found a transporter.
  2814 | D:3      | 2814 ||| READING scroll labelled UCON PIPADWEQI.
  2819 | D:3      | 2819 ||| DRINKING 2 metallic black potions.
  3167 | D:4      | 3167 ||| DRINKING 4 murky red potions.
  3167 | D:4      | Gained mutation: You occasionally shout uncontrollably at
                  | your foes. [potion of mutation]
  3167 | D:4      | Gained mutation: You are occasionally teleported next to
                  | monsters. [potion of mutation]
  3167 | D:4      | Gained mutation: Your body sometimes deteriorates upon
                  | taking damage. [potion of mutation]
  3167 | D:4      | Gained mutation: You have supernaturally acute eyesight.
                  | (SInv) [potion of mutation]
  3169 | D:4      | 3169 ||| DRINKING 3 potions of mutation.
  3169 | D:4      | Lost mutation: You occasionally shout uncontrollably at
                  | your foes. [potion of mutation]
  3169 | D:4      | Lost mutation: You are occasionally teleported next to
                  | monsters. [potion of mutation]
  3169 | D:4      | Gained mutation: You are frail. (-10% HP) [potion of
                  | mutation]
  3169 | D:4      | Gained mutation: You are weak. (Str -2) [potion of
                  | mutation]
  3169 | D:4      | Gained mutation: You are agile. (Dex +4, Str/Int -1)
                  | [potion of mutation]
  3170 | D:4      | 3170 ||| DRINKING 2 potions of mutation.
  3170 | D:4      | Lost mutation: You are frail. (-10% HP) [potion of
                  | mutation]
  3170 | D:4      | Lost mutation: Your body sometimes deteriorates upon taking
                  | damage. [potion of mutation]
  3170 | D:4      | Gained mutation: You are very agile. (Dex +8, Str/Int -2)
                  | [potion of mutation]
  3170 | D:4      | Gained mutation: You are vulnerable to heat. (rF-) [potion
                  | of mutation]
  3170 | D:4      | Gained mutation: You passively map a small area around you.
                  | [potion of mutation]
  3190 | D:4      | 3190 ||| DRINKING potion of mutation.
  3190 | D:4      | Lost mutation: You are vulnerable to heat. (rF-) [potion of
                  | mutation]
  3190 | D:4      | Lost mutation: You are very agile. (Dex +8, Str/Int -2)
                  | [potion of mutation]
  3190 | D:4      | Gained mutation: You occasionally lose the ability to drink
                  | potions when taking damage. [potion of mutation]
  3190 | D:4      | Gained mutation: Your spells are a little harder to cast,
                  | but a little more powerful. [potion of mutation]
  3219 | D:4      | 3219 ||| READING scroll of enchant armour.
  3219 | D:4      | 3219 ||| ENCHANTING +0 pair of gloves.
  3417 | D:4      | Reached skill level 7 in Ranged Weapons
  3800 | D:4      | 3800 ||| READING scroll labelled CYKEKUCYTAT.
  3801 | D:4      | 3801 ||| DRINKING 2 metallic cyan potions.
  3802 | D:4      | 3802 ||| READING 3 scrolls of identify.
  3802 | D:4      | 3802 ||| IDENTIFYING coppery potion
  3803 | D:4      | 3803 ||| READING 2 scrolls of identify.
  3803 | D:4      | 3803 ||| IDENTIFYING grey potion
  3804 | D:4      | 3804 ||| DROPPING potion of ambrosia.
  3821 | D:5      | Entered Level 5 of the Dungeon
  3883 | D:5      | Reached XP level 7. HP: 59/59 MP: 7/7
  4000 | D:5      | HP: 10/59 [orc warrior/+0 mace (6)]
  4001 | D:5      | 4001 ||| READING scroll of teleportation.
  4001 | D:5      | HP: 3/59 [orc warrior/+0 mace (7)]
  4006 | D:5      | HP: 3/59 [kobold/+0 short sword (2)]
  4006 | D:5      | Slain by a kobold

Levels and vault maps discovered:
D:1:      ncdulo_smallfort, layout_rooms, shapermc_ecumenical_altar_flowoftime
D:2:      layout_basic, basic_altar
D:3:      layout_loops_corners, gammafunk_ghost_abyssal_escape,
          cheibrodos_sewer_entry_sluice, chequers_mini_garden, uniq_terence
D:4:      layout_basic, chequers_big_river, chequers_avenue, minmay_crystal_room
D:5:      kennysheep_kobold_camp, layout_basic, amcnicky_mini_pool_small,
          uniq_duvessa, uniq_blork_the_orc

Skill      XL: |  1  2  3  4  5  6 |
---------------+-------------------+-----
Ranged Weapons | 3 4 5 7 |  7.3
Fighting       | 2 3 4 |  4.0
Armour         | 1 2 |  2.4
Dodging        | |  2.1
Spellcasting   | |  1.0
Hexes          | |  2.0

Action                     |  1- 3 |  4- 6 |  7- 9 || total
---------------------------+-------+-------+-------++-------
   Fire: Sling             |   111 |   199 |    31 ||   341
    Use: Scroll            |     6 |     5 |     1 ||    12
         Potion            |       |     6 |       ||     6
 Armour: Robe              |    12 |    27 |       ||    39
         Ring mail         |       |    24 |     9 ||    33
  Dodge: Dodged            |    40 |    79 |     7 ||   126

Table legend:
 A = Non-vault XP
 B = Vault XP
 C = Vault XP percentage of total XP
 D = Non-vault monster count
 E = Vault monster count
 F = Vault count percentage of total count
                 A         B        C        D         E       F
            +---------+---------+-------+---------+---------+-------
      Total |     500 |     292 |  36.9 |      63 |      38 |  37.6
            +---------+---------+-------+---------+---------+-------
        D:1 |      24 |       0 |   0.0 |      12 |       0 |   0.0
        D:2 |      60 |      16 |  21.1 |      20 |       2 |   9.1
        D:3 |      46 |      34 |  42.5 |      11 |       2 |  15.4
        D:4 |     240 |       0 |   0.0 |      16 |       0 |   0.0
        D:5 |     130 |       1 |   0.8 |       4 |       1 |  20.0
      Sewer |       0 |     241 | 100.0 |       0 |      33 | 100.0
            +---------+---------+-------+---------+---------+-------
